 Dungeon Crawl Stone Soup version 0.19.1-1-g22dce08 (webtiles) character file.

4159 Alarkh the Thaumaturge (level 10, -14/63 HPs)
             Began as a Mummy Summoner on Jan 9, 2017.
             Demolished by a manticore (18 damage)
             ... on level 9 of the Dungeon.
             The game lasted 00:23:27 (11006 turns).

Alarkh the Thaumaturge (Mummy Summoner)            Turns: 11006, Time: 00:23:28

Health: -14/63     AC: 13    Str: 11    XL:     10   Next: 7%
Magic:  1/22       EV: 11    Int: 18    God:
Gold:   181        SH:  3    Dex: 13    Spells: 5 memorised, 10 levels left

rFire  . . .     SeeInvis .     D - +3 halberd
rCold  + . .     Gourm    .     l - +3 leather armour {rF+}
rNeg   + + +     Faith    .     (shield currently unavailable)
rPois  ∞         Spirit   .     f - +1 helmet
rElec  .         Reflect  +     q - +0 cloak
rCorr  .         Harm     .     (no gloves)
MR     +....                    t - +0 pair of boots
Stlth  ++........               h - +3 amulet of reflection
                                u - ring of protection from magic
                                A - +3 ring of protection

@: vulnerable
A: no food or potions, fire vulnerability, cold resistance 1, negative energy
resistance 3, torment resistance, unbreathing
a: no special abilities


You were on level 9 of the Dungeon.
You were not hungry.

You visited 1 branch of the dungeon, and saw 9 of its levels.

You collected 391 gold pieces.
You spent 210 gold pieces at shops.

Inventory:

Hand Weapons
 a - a +1 halberd
 d - a +0 spear
 D - a +3 halberd (weapon)
Missiles
 c - a throwing net (quivered)
Armour
 f - a +1 helmet (worn)
 j - a +0 robe
 l - a +3 leather armour of fire resistance (worn)
 q - a +0 cloak (worn)
 t - a +0 pair of boots (worn)
 z - the +0 leather armour "Veusex" {rCorr}
   (You bought it in a shop on level 8 of the Dungeon)

   It protects you from acid and corrosion.
Jewellery
 h - a +3 amulet of reflection (around neck)
 n - an uncursed amulet of rage
 p - an uncursed ring of teleportation
 s - an uncursed ring of magical power
 u - a ring of protection from magic (right hand)
 A - a +3 ring of protection (left hand)
 C - an uncursed ring of resist corrosion
Wands
 y - a wand of paralysis (2/24)
 B - a wand of digging (19/24)
Scrolls
 e - a scroll of identify
 g - a scroll of recharging
 i - a scroll of noise
 k - 2 scrolls of immolation
 m - a scroll of magic mapping
 v - a scroll of amnesia
 w - a scroll of remove curse
Books
 b - a book of Callings

   Spells                             Type                      Level
   a - Summon Small Mammal            Summoning                    1
   b - Call Imp                       Summoning                    2
   c - Call Canine Familiar           Summoning                    3
   d - Summon Guardian Golem          Hexes/Summoning              3
   e - Summon Lightning Spire         Summoning/Air                4
   f - Summon Ice Beast               Ice/Summoning                4
 o - a book of Minor Magic

   Spells                             Type                      Level
   a - Magic Dart                     Conjuration                  1
   b - Blink                          Translocation                2
   c - Call Imp                       Summoning                    2
   d - Repel Missiles                 Charms/Air                   2
   e - Slow                           Hexes                        2
   f - Conjure Flame                  Conjuration/Fire             3
   g - Mephitic Cloud                 Conjuration/Poison/Air       3
 x - a book of Conjurations

   Spells                             Type                      Level
   a - Magic Dart                     Conjuration                  1
   b - Searing Ray                    Conjuration                  2
   c - Dazzling Spray                 Conjuration/Hexes            3
   d - Fulminant Prism                Conjuration/Hexes            4
   e - Iskenderun's Mystic Blast      Conjuration                  4
   f - Iskenderun's Battlesphere      Conjuration/Charms           5


   Skills:
 + Level 6.6 Polearms
 - Level 1.5 Dodging
 - Level 1.5 Stealth
 + Level 8.2 Spellcasting
 + Level 8.0 Summonings


You had 10 spell levels left.
You knew the following spells:

 Your Spells              Type           Power        Failure   Level  Hunger
a - Call Canine Familiar  Summ           #####...     1%          3    N/A
b - Summon Small Mammal   Summ           ####         1%          1    N/A
c - Summon Guardian Gole  Hex/Summ       ###.....     10%         3    N/A
d - Summon Ice Beast      Ice/Summ       ###.....     24%         4    N/A
e - Summon Lightning Spi  Summ/Air       ###.....     24%         4    N/A

Dungeon Overview and Level Annotations

Branches:
Dungeon (9/15)             Temple (0/1) D:6
   Lair: D:8-11         Orc: D:9-12

Altars:
Dithmenos
Elyvilon
Fedhas
Hepliaklqana
Makhleb
Trog
Vehumet
Zin

Shops:
D:6 !   D:8 [


Innate Abilities, Weirdness & Mutations

You do not eat or drink.
Your flesh is vulnerable to fire.
You are immune to poison.
Your flesh is cold resistant. (rC+)
You are immune to negative energy. (rN+++)
You are immune to unholy pain and torment.
You can survive without breathing.


Message History

Zapping:
y - a wand of paralysis {zapped: 2} (will waste charges)
Press: ? - help, Shift-Dir - straight line, f/p - manticore
Aim: a manticore (lightly wounded, susceptible to hostile enchantments, chance to defeat MR: 46%)
The manticore resists with some effort.
Evoking this partially-identified wand wasted a few charges.
Your wolf misses the manticore.
The crimson imp hits you but does no damage.
Your wolf bites the manticore!
The manticore bites you!
* * * LOW HITPOINT WARNING * * *
The manticore barely misses you.
The manticore claws you but does no damage.
Evoke which item? (* to show all) (? for menu, Esc to quit)
Zapping:
y - a wand of paralysis {zapped: 5} (will waste charges)
Press: ? - help, Shift-Dir - straight line, f/p - manticore
Aim: a manticore (moderately wounded, susceptible to hostile enchantments, chance to defeat MR: 46%)
The manticore resists with some effort.
Evoking this partially-identified wand wasted a few charges.
Your wolf bites the manticore.
The crimson imp blinks!
Your wolf bites the manticore!
The manticore bites you!!
You die...

#. #. #. .# #. .#
#. .# .#####.###.#
### ...........#
.>.### ...5..§....#
...# #######@h..#
#.############H#.#
. #..)...5h.....o#
..
.###.######.H######
#.# .....# #..# #
##...# #..# ###.#
#H.# ####§### #..#
..<§§§.# #..#


You could see a manticore, an orc wizard, a crimson imp and a friendly wolf.

Vanquished Creatures
  A hill giant (D:7)
  2 hippogriffs
  Eustachio (D:3)
  A water moccasin (D:8)
  3 ice beasts
  An orc warrior (D:8)
  A phantom (D:7)
  A crimson imp (D:8)
  A quasit (D:8)
  A bullfrog zombie (D:9)
  A jelly (D:7)
  4 orc priests
  2 orc wizards
  Jessica (D:2)
  5 worker ants
  An iguana (D:8)
  Robin (D:3)
  4 adders
  An ooze (D:4)
  A dart slug (D:4)
  2 leopard geckos
  15 orcs
  4 ball pythons
  4 giant cockroaches
  2 goblins
  5 hobgoblins
  8 jackals
  7 kobolds
  4 quokkas
  3 bats
  2 frilled lizards
  A leopard gecko skeleton (D:4)
  A quokka skeleton (D:5)
  3 rats
95 creatures vanquished.

Vanquished Creatures (collateral kills)
  A hill giant (D:9)
  Grinder (D:4)
  The ghost of Atlantean the Covered, an amateur GrFi (D:3)
  A hippogriff (D:7)
  A hungry ghost (D:8)
  A water moccasin (D:9)
  An orc warrior (D:6)
  2 sky beasts
  An ice beast (D:4)
  A phantom (D:5)
  4 ogres
  2 centaurs (D:7)
  2 bullfrogs
  2 scorpions
  3 wights (D:9)
  4 orc priests
  4 orc wizards
  Crazy Yiuf (D:4)
  3 centaur skeletons
  A hound (D:8)
  Ijyb (D:2)
  A worker ant (D:4)
  A hound skeleton (D:7)
  10 gnolls
  5 adders
  2 oozes (D:1)
  An adder skeleton (D:6)
  2 worms
  3 dart slugs (D:1)
  A leopard gecko (D:4)
  9 orcs
  2 giant cockroaches
  12 goblins
  A hobgoblin (D:3)
  8 jackals
  A kobold (D:3)
  A ball python (D:3)
  3 bats
  A jackal skeleton (D:9)
  A quokka skeleton (D:6)
  4 rats
  A fungus (D:2)
108 creatures vanquished.

Vanquished Creatures (others)
  The ghost of Atlantean the Skirmisher, a novice GrFi of Okawaru (D:6)
  Joseph (D:8)
  2 orc warriors
  3 orcs (D:3)
  A giant cockroach (D:3)
  A quokka skeleton (D:3)
  10 fungi (D:9)
  3 plants (D:9)
22 creatures vanquished.

Grand Total: 225 creatures vanquished

Notes
Turn   | Place    | Note
-------+----------+-------------------------------------------
     0 | D:1      | Alarkh the Mummy Summoner began the quest for the Orb.
     0 | D:1      | Reached XP level 1. HP: 13/13 MP: 3/3
   352 | D:1      | Reached XP level 2. HP: 6/19 MP: 0/5
  1006 | D:1      | Reached XP level 3. HP: 20/24 MP: 7/7
  1101 | D:2      | Found a blossoming altar of Fedhas.
  1137 | D:2      | Learned a level 3 spell: Call Canine Familiar
  1141 | D:2      | Learned a level 3 spell: Summon Guardian Golem
  1167 | D:2      | Noticed Ijyb
  1538 | D:2      | Killed Ijyb
  1715 | D:2      | Reached XP level 4. HP: 30/30 MP: 4/8
  2215 | D:2      | HP: 1/30 [gnoll/halberd (14)]
  2263 | D:2      | Noticed Jessica
  2505 | D:2      | Killed Jessica
  3133 | D:3      | Found a radiant altar of Vehumet.
  3158 | D:3      | Noticed Atlantean's ghost (amateur GrFi)
  3171 | D:3      | Reached XP level 5. HP: 29/35 MP: 5/10
  3251 | D:3      | Killed Atlantean's ghost
  3251 | D:3      | Reached skill level 1 in Polearms
  3376 | D:3      | Noticed Robin
  3405 | D:3      | Killed Robin
  3405 | D:3      | Reached XP level 6. HP: 26/41 MP: 12/12
  3850 | D:4      | Noticed Grinder
  4271 | D:4      | Killed Grinder
  4356 | D:4      | Found a runed door.
  4674 | D:4      | Noticed Crazy Yiuf
  4685 | D:4      | Killed Crazy Yiuf
  4756 | D:5      | Entered Level 5 of the Dungeon
  4794 | D:5      | Noticed a sky beast
  4810 | D:5      | Killed a sky beast
  4810 | D:5      | Reached skill level 5 in Summonings
  4810 | D:5      | Reached XP level 7. HP: 28/46 MP: 11/14
  5247 | D:5      | Reached skill level 5 in Spellcasting
  5361 | D:5      | Noticed Eustachio
  5862 | D:3      | Killed Eustachio
  6058 | D:5      | Reached XP level 8. HP: 48/52 MP: 13/16
  6079 | D:5      | Found a white marble altar of Elyvilon.
  6080 | D:5      | Found a burning altar of Makhleb.
  6080 | D:5      | Found a glowing silver altar of Zin.
  6351 | D:5      | Found a shadowy altar of Dithmenos.
  6780 | D:6      | Learned a level 4 spell: Summon Ice Beast
  6785 | D:6      | Learned a level 4 spell: Summon Lightning Spire
  6934 | D:6      | Found a staircase to the Ecumenical Temple.
  7012 | D:6      | Noticed Atlantean's ghost (novice GrFi)
  7039 | D:6      | Killed Atlantean's ghost
  7186 | D:6      | Found Tauwn's Distillery.
  7293 | D:6      | Found a faded altar of an unknown god.
  7293 | D:6      | Found a faded altar of an unknown god.
  7309 | D:6      | Found a faded altar of an unknown god.
  7311 | D:6      | Found a hazy altar of Hepliaklqana.
  7313 | D:6      | Found a faded altar of an unknown god.
  7908 | D:7      | Reached skill level 5 in Polearms
  8088 | D:6      | Reached XP level 9. HP: 13/57 MP: 19/19
  8640 | D:7      | Got a transparent trident
  9019 | D:7      | Noticed a hill giant
  9038 | D:7      | Killed a hill giant
  9086 | D:8      | Noticed Joseph
  9580 | D:8      | Killed Joseph
  9971 | D:8      | Found a bloodstained altar of Trog.
 10556 | D:8      | Found Noeraq's Antique Armour Shop.
 10562 | D:8      | Bought a scorched leather armour for 210 gold pieces
 10572 | D:8      | Identified the +0 leather armour "Veusex" {rCorr} (You bought it in a shop on level 8 of the Dungeon)
 10723 | D:9      | Reached XP level 10. HP: 32/63 MP: 13/22
 10936 | D:9      | Noticed a manticore
 10950 | D:9      | Noticed a hill giant
 10985 | D:9      | Killed a hill giant
 11005 | D:9      | HP: 3/63 [manticore (9)]
 11006 | D:9      | Demolished by a manticore

Skill      XL: |  1  2  3  4  5  6  7  8  9 10 |
---------------+-------------------------------+-----
Spellcasting   | 3 4 5 6 8 |  8.2
Summonings     | 4 5 6 7 8 |  8.0
Polearms       | 1 2 3 5 6 |  6.6
Dodging        | |  1.5
Stealth        | |  1.5

Action                   |  1- 3 |  4- 6 |  7- 9 | 10-12 || total
-------------------------+-------+-------+-------+-------++-------
Melee: Unarmed           |    24 |       |       |       ||    24
       Spear             |   112 |    33 |       |       ||   145
       Halberd           |       |   125 |   389 |    11 ||   525
 Cast: Summon Small Mamm |    34 |     3 |       |       ||    37
       Call Canine Famil |     6 |    34 |    76 |     7 ||   123
       Summon Guardian G |       |     7 |    23 |     3 ||    33
Evoke: Wand              |       |       |       |     3 ||     3
  Use: Scroll            |       |     6 |     7 |     5 ||    18
 Stab: Sleeping          |     1 |     2 |     3 |       ||     6
       Distracted        |     1 |       |     5 |     1 ||     7
Armor: Robe              |    42 |    24 |       |       ||    66
       Leather armour    |       |    14 |   146 |    10 ||   170
Dodge: Dodged            |   111 |    93 |   192 |    11 ||   407
Block: Other             |       |    26 |    50 |       ||    76
       Reflection        |       |     2 |     1 |       ||     3
